AoeStats
← Sodythaek

Arena

510396248Analyzed
2v2 RM · 3d ago on Sep 30, 2026· 48m 22s· 4 players
Game mode
Random Map
Map size
Medium (4 player)
Population
200
Speed
Normal
Resources
Standard
Victory
Conquest
Starting age
Dark Age
Ending age
Imperial Age
RankedLock teamsTeams togetherTeam positionsShared explorationLock speedFull tech treeHidden civsTurbo modeCheats
Victory
Defeat
🇳🇱 Armenians · Netherlands
1368
+14
🇳🇱 Japanese · Netherlands
1367
+14
🇫🇷 Bohemians · France
1322
-14
🇫🇷 Britons · France
1319
-14
gyanjo
10:40 Feudal Age
8:56 Loom
14:30 Castle Age
13:28 Double-Bit Axe
15:50 Bow Saw
21:55 Wheelbarrow
21:06 Town Watch
21:07 Horse Collar
26:18 Scale Mail Armor
26:10 Fletching
26:47 Heavy Plow
28:25 Forging
28:39 Hand Cart
31:00 Gold Mining
34:40 Chain Mail Armor
36:00 Gold Shaft Mining
35:17 Stone Mining
35:41 Town Patrol
36:24 Iron Casting
38:55 Imperial Age
37:30 Bodkin Arrow
37:38 Padded Archer Armor
37:43 Squires
37:29 Arson
38:44 Yasama
40:11 Plate Mail Armor
39:41 Bracer
40:42 Blast Furnace
39:53 Thumb Ring
40:14 Parthian Tactics
40:14 Ballistics
39:33 Capped Ram
40:42 Conscription
41:14 Leather Archer Armor
42:02 Chemistry
41:13 Masonry
40:54 Guard Tower
40:49 Treadmill Crane
41:14 Heavy Cavalry Archer
41:48 Arrowslits
43:59 Hoardings
43:39 Siege Engineers
46:08 Kataparuto
46:08 Elite Samurai
[Toad] BillyDekkers🚚
10:01 Feudal Age
13:45 Castle Age
12:33 Double-Bit Axe
12:33 Horse Collar
16:32 Fervor
18:16 Bow Saw
18:51 Loom
22:21 Wheelbarrow
23:25 Hand Cart
23:56 Scale Mail Armor
24:29 Town Watch
27:07 Chain Mail Armor
27:02 Forging
28:05 Gold Mining
28:05 Stone Mining
28:30 Squires
29:34 Iron Casting
29:49 Heavy Plow
33:19 Imperial Age
30:45 Man-at-Arms
31:10 Gambesons
31:40 Long Swordsman
32:42 Two-Handed Swordsman
34:33 Plate Mail Armor
34:27 Conscription
34:45 Fereters
34:18 Capped Ram
35:18 Champion
35:44 Arson
38:36 Blast Furnace
37:04 Siege Ram
40:58 Coinage
40:29 Caravan
43:45 Hoardings
43:01 Fletching
46:22 Banking
46:04 Guilds
Sodythaek
7:46 Loom
9:48 Feudal Age
13:45 Castle Age
12:55 Double-Bit Axe
12:51 Horse Collar
15:11 Bow Saw
19:29 Gold Mining
21:11 Wheelbarrow
21:21 Heavy Plow
21:58 Stone Mining
22:10 Fletching
22:45 Padded Archer Armor
22:49 Crossbowman
25:32 Hand Cart
25:13 Loom
26:21 Bodkin Arrow
27:12 Leather Archer Armor
29:46 Imperial Age
27:52 Ballistics
29:51 Arbalester
30:34 Bracer
32:06 Chemistry
31:56 Ring Archer Armor
32:51 Scale Barding Armor
32:56 Forging
33:59 Masonry
34:06 Siege Engineers
34:25 Conscription
35:39 Two-Man Saw
35:18 Town Watch
36:34 Capped Ram
37:40 Chain Barding Armor
37:42 Yeomen
36:52 Light Cavalry
37:37 Husbandry
38:17 Hoardings
37:13 Sappers
39:50 Architecture
39:04 Treadmill Crane
46:35 Elite Skirmisher
Guizz
5:27 Loom
11:16 Feudal Age
15:35 Castle Age
13:54 Double-Bit Axe
14:21 Horse Collar
17:06 Wheelbarrow
19:01 Bow Saw
20:16 Husbandry
27:52 Imperial Age
26:37 Heavy Plow
28:21 Town Watch
31:32 Fletching
32:26 Scale Barding Armor
32:17 Bodkin Arrow
35:55 Wagenburg Tactics
36:51 Hand Cart
36:53 Bodkin Arrow
39:54 Scale Barding Armor
39:51 Bracer
39:54 Light Cavalry
41:41 Town Patrol
42:15 Conscription
42:32 Ballistics
43:57 Chemistry
47:43 Padded Archer Armor
Connection lost

Rejoining the realm…

Still unreachable

The connection could not be restored.

Session expired

The server has moved on; the page needs a fresh start.